 Dungeon Crawl Stone Soup version 0.20.0-10-g0535bb4 (webtiles) character file.

2347 MTVSty1e the Cleaver (level 9, 0/83 HPs)
             Began as a Minotaur Fighter on June 3, 2017.
             Slain by a phantom (2 damage)
             ... on level 7 of the Dungeon.
             The game lasted 00:06:00 (4896 turns).

MTVSty1e the Cleaver (Minotaur Fighter)             Turns: 4896, Time: 00:06:01

Health: 0/83       AC:  6    Str: 29    XL:     9   Next: 20%
Magic:  8/8        EV: 12    Int:  5    God:
Gold:   276        SH: 10    Dex: 15    Spells: 8/8 levels left

rFire    . . .     SeeInvis .   a - +0 war axe
rCold    . . .     Gourm    .   c - +0 shield
rNeg     . . .     Faith    .   b - +0 scale mail
rPois    .         Spirit   .   (helmet restricted)
rElec    .         Reflect  .   (no cloak)
rCorr    .         Harm     .   (no gloves)
MR       .....                  (no boots)
Stlth    +.........             (no amulet)
Regen    0.3/turn               (no ring)
MPRegen  0.2/turn               (no ring)

@: mighty, agile
A: retaliatory headbutt, horns 2
a: no special abilities


You were on level 7 of the Dungeon.
You were not hungry.

You visited 1 branch of the dungeon, and saw 7 of its levels.

You collected 276 gold pieces.

Inventory:

Hand Weapons
 a - a +0 war axe (weapon)
Armour
 b - a +0 scale mail (worn)
 c - a +0 shield (worn)
Jewellery
 v - an uncursed ring of poison resistance {unknown}
Wands
 r - a wand of confusion (8/48)
 F - a wand of polymorph (11/24)
Scrolls
 e - 5 scrolls of remove curse {unknown}
 h - a scroll of fog {unknown}
 k - 3 scrolls of enchant weapon {unknown}
 l - 2 scrolls of magic mapping {unknown}
 n - a scroll of noise {unknown}
 p - a scroll of blinking {unknown}
 q - 2 scrolls of immolation {unknown}
 x - 3 scrolls of amnesia {unknown}
 y - a scroll of teleportation {unknown}
 D - a scroll of identify {unknown}
 E - a scroll of random uselessness {unknown}
Potions
 j - 3 potions of flight {unknown}
 m - a potion of degeneration {unknown}
 o - 2 potions of heal wounds {unknown}
 t - 4 potions of brilliance {unknown}
 u - a potion of ambrosia {unknown}
 w - a potion of magic {unknown}
 z - a potion of mutation {unknown}
 A - a potion of berserk rage {unknown}
 B - a potion of lignification {unknown}
Comestibles
 f - 12 bread rations
 g - 4 royal jellies
 s - 3 meat rations
 C - 10 fruits


   Skills:
 + Level 9.1 Fighting
 * Level 12.1 Axes
 - Level 3.6 Armour
 - Level 3.6 Shields


You had 8 spell levels left.
You didn't know any spells.

Dungeon Overview and Level Annotations

Branches:
Dungeon (7/15)
 Temple: D:4-7

Altars:
Yredelemnul

Shops:
D:4 (([}}

Annotations:
D:6 1 runed door
D:7 Joseph


Innate Abilities, Weirdness & Mutations

You reflexively headbutt those who attack you in melee.
You have a pair of horns on your head.


Message History

You hit Joseph. Your headbutt misses Joseph.
Joseph is severely wounded.
Joseph hits you with an uncursed quarterstaff of protection!!
* * * LOW HITPOINT WARNING * * *
You feel agile all of a sudden.
Joseph smiles happily.
You block Joseph's attack.
You hit Joseph.
Joseph is severely wounded.
You closely miss the phantom. The phantom barely misses you.
You furiously retaliate!
You headbutt the phantom. You block Joseph's attack.
You feel very mighty all of a sudden. The phantom hits you.
* * * LOW HITPOINT WARNING * * *
You block Joseph's attack.
You slash Joseph! You headbutt Joseph, but do no damage.
Joseph is almost dead.
Your shield prevents you from hitting the phantom.
The phantom hits you.
You die...

#.### ...# ... # ...
#..# # ..# #..# #
#.# #..# ##### #.#
#..# #.... #
#.####..#####.###
#####.##W...........
# ......@@.((.(.# #
#####.#######.# # #
#.# # #.# ## #.#
####. #.### #.(..
#...# ##.##. ###.#
#..... #.# #..###


You could see Joseph and a phantom.

Vanquished Creatures
  A hippogriff (D:7)
  Eustachio (D:4)
  Menkaure (D:4)
  A black bear (D:6)
  3 ice beasts
  2 ogres
  2 centaurs
  2 bullfrogs (D:6)
  The ghost of Hasart the Ducker, an amateur FeTm (D:3)
  A wyvern zombie (D:7)
  3 scorpions
  A wyvern skeleton (D:6)
  3 howler monkeys
  A crimson imp (D:5)
  2 hounds
  An orc priest (D:5)
  2 orc wizards
  A bullfrog skeleton (D:4)
  An iguana (D:7)
  8 worker ants
  4 gnolls
  A worker ant zombie (D:6)
  6 adders
  An adder zombie (D:6)
  An adder skeleton (D:4)
  2 worms
  3 dart slugs
  2 leopard geckos
  20 orcs
  A ball python (D:3)
  6 bats
  5 giant cockroaches
  11 goblins
  14 hobgoblins
  6 jackals
  7 kobolds
  4 quokkas
  3 frilled lizards
  A kobold skeleton (D:6)
  A leopard gecko skeleton (D:4)
  2 quokka skeletons
  15 rats
154 creatures vanquished.

Notes
Turn   | Place    | Note
-------+----------+-------------------------------------------
     0 | D:1      | MTVSty1e the Minotaur Fighter began the quest for the Orb.
     0 | D:1      | Reached XP level 1. HP: 19/19 MP: 0/0
    67 | D:1      | Reached XP level 2. HP: 26/27 MP: 1/1
    68 | D:1      | Reached skill level 3 in Axes
   451 | D:2      | Reached XP level 3. HP: 28/33 MP: 2/2
   561 | D:2      | Reached skill level 4 in Axes
  1206 | D:3      | Reached XP level 4. HP: 38/41 MP: 3/3
  1356 | D:3      | Noticed Hasart's ghost (amateur FeTm)
  1361 | D:3      | Killed Hasart's ghost
  1361 | D:3      | Reached skill level 5 in Fighting
  1361 | D:3      | Reached skill level 5 in Axes
  1361 | D:3      | Reached XP level 5. HP: 46/48 MP: 4/4
  1882 | D:4      | Reached skill level 6 in Axes
  1896 | D:4      | Found Rewec's Antique Weapon Emporium.
  1897 | D:4      | Noticed Menkaure
  1905 | D:4      | Reached XP level 6. HP: 30/56 MP: 5/5
  1906 | D:4      | Killed Menkaure
  1906 | D:4      | Reached skill level 7 in Axes
  2172 | D:4      | Found Dafaiji's Antique Weapon Boutique.
  2182 | D:4      | Found Led Moismedy's Antique Armour Emporium.
  2210 | D:4      | Noticed Eustachio
  2216 | D:4      | Found Fithamni's Gadget Shop.
  2224 | D:4      | Killed Eustachio
  2224 | D:4      | Reached skill level 8 in Axes
  2224 | D:4      | Reached XP level 7. HP: 54/64 MP: 6/6
  2265 | D:4      | Found Vurrestro's Gadget Shoppe.
  2445 | D:5      | Entered Level 5 of the Dungeon
  2464 | D:5      | HP: 2/66 [centaur (7)]
  2465 | D:5      | Reached skill level 9 in Axes
  2811 | D:5      | Reached XP level 8. HP: 64/73 MP: 7/7
  3027 | D:5      | Reached skill level 10 in Axes
  3734 | D:6      | Reached skill level 11 in Axes
  4090 | D:6      | Reached XP level 9. HP: 78/82 MP: 8/8
  4165 | D:6      | Found a runed door.
  4174 | D:6      | Found a basalt altar of Yredelemnul.
  4549 | D:7      | Reached skill level 12 in Axes
  4883 | D:7      | Noticed Joseph
  4895 | D:7      | HP: 2/83 [phantom (5)]
  4896 | D:7      | Slain by a phantom

Skill      XL: |  1  2  3  4  5  6  7  8  9 |
---------------+----------------------------+-----
Axes           | 3 4 5 6 8 9 11 12 | 12.1
Fighting       | 4 5 6 7 8 9 |  9.1
Armour         | |  3.6
Shields        | |  3.6

Action                   |  1- 3 |  4- 6 |  7- 9 || total
-------------------------+-------+-------+-------++-------
Melee: War axe           |   110 |    74 |   219 ||   403
       Headbutt          |    11 |    10 |    41 ||    62
  Use: Potion            |       |     1 |     3 ||     4
  Eat: Meat ration       |     1 |       |     1 ||     2
       Chunk             |       |       |     3 ||     3
Armor: Scale mail        |    52 |    24 |    75 ||   151
Dodge: Dodged            |    34 |    25 |    60 ||   119
Block: Shield            |    60 |    41 |    96 ||   197
